 Dungeon Crawl Stone Soup version 0.27-a0-1140-g099f9bb0e8 (webtiles) character file.

Game seed: 11694738816137374769

359 voltaire321 the Poker (level 6, -4/48 HPs)
             Began as a Merfolk Gladiator on May 8, 2021.
             Killed by divine providence
             ... invoked by an orc priest
              (14 damage)
             ... on level 3 of the Dungeon.
             The game lasted 00:07:08 (2306 turns).

voltaire321 the Poker (Merfolk Gladiator)           Turns: 2306, Time: 00:07:09

Health: -4/48      AC:  7    Str: 14    XL:     6   Next: 65%
Magic:  6/6        EV: 12    Int:  8    God:
Gold:   127        SH:  4    Dex: 17    Spells: 5/5 levels left

rFire    . . .     SeeInvis .   a - +0 trident
rCold    . . .     Faith    .   i - +0 buckler
rNeg     . . .     Spirit   .   g - +0 ring mail
rPois    .         Reflect  .   c - +0 helmet
rElec    .         Harm     .   (no cloak)
rCorr    .         Rampage  .   (no gloves)
Will     .....                  e - +0 pair of boots
Stlth    +.........             (no amulet)
HPRegen  0.16/turn              (no ring)
MPRegen  0.10/turn              (no ring)

@: no status effects
A: (nimble swimmer 2), mertail
a: no special abilities


You were on level 3 of the Dungeon.
You visited 1 branch of the dungeon, and saw 3 of its levels.

You collected 127 gold pieces.

Inventory:

Hand Weapons
 a - a +0 trident (weapon)
Missiles
 d - 3 throwing nets (quivered)
 h - 11 poisoned darts
 j - 6 silver boomerangs
Armour
 c - a +0 helmet (worn)
 e - a +0 pair of boots (worn)
 g - a +0 ring mail (worn)
 i - a +0 buckler (worn)
Wands
 k - a wand of flame (9)
Scrolls
 b - a scroll of teleportation {unknown}
Potions
 f - a potion of resistance {unknown}


   Skills:
 + Level 3.7 Fighting
 + Level 5.9 Polearms
 + Level 3.4 Throwing
 + Level 1.5 Armour
 + Level 5.4 Dodging
 + Level 1.7 Shields


You had 5 spell levels left.
You didn't know any spells.
Your spell library contained the following spells:

 Spells                   Type           Power      Damage    Failure   Level
 Confusing Touch          Hex            0%         N/A       98%         3
 Gell's Gravitas          Tloc           0%         N/A       98%         3
 Petrify                  Tmut/Erth      0%         N/A       100%        4
 Metabolic Englaciation   Hex/Ice        0%         N/A       100%        5
 Yara's Violent Unravell  Hex/Tmut       0%         3d3       100%        5


Dungeon Overview and Level Annotations

Branches:
Dungeon (3/15)

Altars:
Beogh


Innate Abilities, Weirdness & Mutations

((You are quick and stealthy near water. (Stealth+, EV+, Speed+++)))
Your lower body shifts to a powerful aquatic tail in water.


Message History

The orc throws a boomerang.
You block the boomerang.
The orc throws a boomerang.
The boomerang hits you but does no damage.
The orc hits you with a +0 whip.
You hit the orc.
The orc is moderately wounded.
The orc hits you with a +0 whip.
* * * LOW HITPOINT WARNING * * *
You hit the orc.
You kill the orc!
You block the orc priest's attack.
You hit the orc priest.
The orc priest is moderately wounded.
You hear the brisk rusting of a drain nearby.
The orc priest hits you but does no damage.
You hit the orc priest but do no damage.
The orc priest is moderately wounded.
The orc priest closely misses you.
You hit the orc priest.
The orc priest is heavily wounded.
The orc priest hits you with a +0 club.
* * * LOW HITPOINT WARNING * * *
You closely miss the orc priest.
The orc priest is heavily wounded.
The orc priest closely misses you.
You hit the orc priest.
The orc priest is severely wounded.
The orc priest completely misses you.
You closely miss the orc priest.
The orc priest is severely wounded.
The orc priest looks braver for a moment.
You closely miss the orc priest.
The orc priest is severely wounded.
The orc priest hits you with a +0 club.
* * * LOW HITPOINT WARNING * * *
You hit the orc priest.
The orc priest is almost dead.
The orc priest calls down the wrath of Beogh upon you.
Beogh smites you!
You die...

#....... #.......
#....... ######
#....... #..).##
#....... #'##..#
#....... #...##o#
#....... #o8.8$#o#
######## #$$o.$#@##
#$8.8.#..# ######
##$_.##..#
##....### #####...#
#.......#
#...####.....#.#
#..[.........#.####
#............#.....
#..................
########.#########.


You could see an orc priest and an orc.

Vanquished Creatures
  Sigmund (D:3)
  Purgy (D:3)
  An orc priest (D:3)
  An adder (D:2)
  2 orcs (D:3)
  5 ball pythons
  3 endoplasms
  3 giant cockroaches (D:2)
  2 goblins (D:1)
  3 hobgoblins
  17 jackals
  5 quokkas
  3 bats
  3 frilled lizards
  2 kobolds (D:1)
  10 rats
62 creatures vanquished.

Notes
Turn   | Place    | Note
-------+----------+-------------------------------------------
     0 | D:1      | voltaire321 the Merfolk Gladiator began the quest for the
                  | Orb.
     0 | D:1      | Reached XP level 1. HP: 16/16 MP: 1/1
   289 | D:1      | Reached XP level 2. HP: 21/23 MP: 2/2
   523 | D:1      | Found a faded altar of an unknown god.
  1238 | D:1      | Reached XP level 3. HP: 27/28 MP: 3/3
  1606 | D:2      | Reached skill level 5 in Polearms
  1748 | D:2      | Reached XP level 4. HP: 24/34 MP: 4/4
  2006 | D:3      | Noticed Sigmund
  2097 | D:3      | Noticed Purgy
  2111 | D:3      | Killed Purgy
  2112 | D:3      | Reached skill level 1 in Armour
  2112 | D:3      | Reached skill level 5 in Dodging
  2112 | D:3      | Reached skill level 1 in Shields
  2112 | D:3      | Reached XP level 5. HP: 26/41 MP: 5/5
  2119 | D:3      | Killed Sigmund
  2120 | D:3      | Reached XP level 6. HP: 19/48 MP: 6/6
  2306 | D:3      | Killed from afar by an orc priest

Illustrated notes

Levels and vault maps discovered:
D:1:      grunt_arrival_lava_bath, layout_loops_corners,
          shapermc_ecumenical_altar_gd
D:2:      layout_rooms
D:3:      layout_basic, marbit_many_paths, gup_sewer_entry_pipe,
          kennysheep_orc_chapel, uniq_sigmund, uniq_purgy, uniq_grinder

Skill      XL: |  1  2  3  4 |
---------------+-------------+-----
Polearms       | 5 |  5.9
Fighting       | 3 |  3.7
Throwing       | 3 |  3.4
Armour         | 1 |  1.5
Dodging        | 5 |  5.4
Shields        | 1 |  1.7

Action                   |  1- 3 |  4- 6 || total
-------------------------+-------+-------++-------
Melee: Trident           |   133 |    79 ||   212
  Use: Scroll            |       |     2 ||     2
       Potion            |       |     1 ||     1
Armor: Leather armour    |    16 |       ||    16
       Ring mail         |    42 |    37 ||    79
Dodge: Dodged            |    77 |    59 ||   136
Block: Buckler           |     1 |    16 ||    17

Table legend: (Time is in decaauts)
 A = Elapsed time spent in this place.
 B = Non-inter-level travel time spent in this place.
 C = Inter-level travel time spent in this place.
 D = Time resting spent in this place.
 E = Time spent auto-exploring this place.
 F = Levels seen in this place.
 G = Mean time per level.
                   A        B        C        D        E       F      G
               +--------+--------+--------+--------+--------+-----+--------+
         Total |   2323 |   2251 |     72 |    354 |   1236 |   3 |  774.3 |
       Dungeon |   2323 |   2251 |     72 |    354 |   1236 |   3 |  774.3 |
               +--------+--------+--------+--------+--------+-----+--------+

Top non-repeatable levels by time:
     D:1: 1246 daAuts
     D:2: 798 daAuts
     D:3: 278 daAuts
